 Dungeon Crawl Stone Soup version 0.26-a0-21-gf97e55dc39 (webtiles) character file.

Game seed: 4393594771482195972, levelgen mode: deterministic

98 Gwenloh the Digger (level 4, -1/26 HPs)
             Began as a Gargoyle Earth Elementalist on May 27, 2020.
             Slain by an orc warrior
             ... wielding a +0 hand axe
              (11 damage)
             ... on level 3 of the Dungeon.
             The game lasted 00:10:54 (3184 turns).

Gwenloh the Digger (Gargoyle Earth Elementalist)    Turns: 3184, Time: 00:10:55

Health: -1/26      AC:  8    Str: 12    XL:     4   Next: 69%
Magic:  1/7        EV: 11    Int: 16    God:
Gold:   180        SH:  0    Dex: 10    Spells: 2/8 levels left

rFire    . . .     SeeInvis .   u - +0 quarterstaff
rCold    . . .     Gourm    .   (shield currently unavailable)
rNeg     + . .     Faith    .   x - +0 troll leather armour
rPois    ∞         Spirit   .   (no helmet)
rElec    +         Reflect  .   (no cloak)
rCorr    .         Harm     .   i - +0 pair of gloves
MR       .....                  (no boots)
Stlth    ++........             (no amulet)
HPRegen  0.48/turn              w - ring of wizardry
MPRegen  0.10/turn              (no ring)

@: no status effects
A: negative energy resistance 1, electricity resistance, unbreathing,
petrification resistance, rot immunity, AC +3
a: no special abilities


You were on level 3 of the Dungeon.
You were not hungry.

You visited 1 branch of the dungeon, and saw 3 of its levels.

You collected 180 gold pieces.

Inventory:

Hand Weapons
 u - a +0 quarterstaff (weapon)
Missiles
 b - 49 stones
 n - a javelin (quivered)
Armour
 i - a +0 pair of gloves (worn)
 x - a +0 troll leather armour (worn)
Jewellery
 w - a ring of wizardry (left hand)
Scrolls
 a - 2 scrolls of amnesia {unknown}
 e - a scroll of immolation {unknown}
 f - 2 scrolls of magic mapping {unknown}
 g - 4 scrolls of identify {unknown}
 j - 2 scrolls of enchant weapon {unknown}
 k - 2 scrolls of fog {unknown}
 s - 2 scrolls of remove curse {unknown}
 v - a scroll of blinking {unknown}
Potions
 h - 2 potions of heal wounds {unknown}
 o - a potion of might {unknown}
 p - a potion of curing {unknown}
 q - a potion of lignification {unknown}
Comestibles
 d - 2 rations
 r - 5 chunks of flesh


   Skills:
 + Level 1.7 Fighting
 + Level 1.5 Armour
 - Level 1.5 Dodging
 - Level 2.1 Stealth
 + Level 2.5 Spellcasting
 + Level 1.1 Conjurations
 - Level 0.7 Transmutations
 * Level 4.8 Earth Magic


You had 2 spell levels left.
You knew the following spells:

 Your Spells              Type           Power        Failure   Level  Hunger
a - Sandblast             Erth           ###...       1%          1    #......
b - Passwall              Tmut/Erth      ##......     4%          2    ##.....
c - Stone Arrow           Conj/Erth      ##....       9%          3    ###....

Your spell library contained the following spells:

 Spells                   Type           Power        Failure   Level  Hunger
 Petrify                  Tmut/Erth      ##......     30%         4    #####..
 Lee's Rapid Deconstruct  Erth           ###.......   34%         5    ######.


Dungeon Overview and Level Annotations

Branches:
Dungeon (3/15)

Altars:
Elyvilon
Ru
Yredelemnul


Innate Abilities, Weirdness & Mutations

You are resistant to torment.
Your stone body is resilient. (AC +3)
You are immune to poison.
You resist negative energy. (rN+)
You are resistant to electric shocks. (rElec)
You can survive without breathing.
You are immune to petrification.
You are immune to rotting.


Message History

Casting: Sandblast (safe; 1% risk of failure)
Confirm with . or Enter, or press ? or * to list all spells.
Aiming: Sandblast (safe; 1% risk of failure)
Press: ? - help, Shift-Dir - straight line, f/p - orc
Aim: an orc, wielding a +0 dagger and wearing a +0 ring mail The blast of sand hits the orc.
The orc is severely wounded.
b - 50 stones The orc hits you with a +0 dagger.
The orc warrior hits you with a +0 hand axe.
Casting: Sandblast (safe; 1% risk of failure)
Confirm with . or Enter, or press ? or * to list all spells.
Aiming: Sandblast (safe; 1% risk of failure)
Press: ? - help, Shift-Dir - straight line, f/p - orc
Aim: an orc, wielding a +0 dagger and wearing a +0 ring mail (severely wounded)
The blast of sand hits the orc.
You kill the orc!
b - 49 stones The orc warrior hits you with a +0 hand axe!
You die...

#.# #.# #.# #.###
#.# ....# #.###
##.####.#.##>#
#...#
#o.o.........#
###.#
#.######)#.....
#.# #.# ### #.#
######.###### #.#
#.oo@.........
#.#
#.###.########
#.# #...o.#
#.#######.#####.
#................
#########.#..##.#
#.#..# #.# ...
#.# .##.


You could see an orc warrior and an orc.

Vanquished Creatures
  4 adders (D:2)
  A worm (D:2)
  2 dart slugs (D:1)
  A leopard gecko (D:1)
  2 orcs (D:3)
  A giant cockroach (D:1)
  3 goblins
  6 hobgoblins
  2 jackals (D:1)
  6 kobolds
  15 bats
  3 frilled lizards
  9 rats
55 creatures vanquished.

Notes
Turn   | Place    | Note
-------+----------+-------------------------------------------
     0 | D:1      | Gwenloh the Gargoyle Earth Elementalist began the quest for
                  | the Orb.
     0 | D:1      | Reached XP level 1. HP: 10/10 MP: 3/3
   536 | D:1      | Reached XP level 2. HP: 14/16 MP: 3/5
   626 | D:1      | Reached skill level 4 in Earth Magic
   826 | D:1      | Learned a level 2 spell: Passwall
  1037 | D:1      | Reached skill level 1 in Fighting
  1037 | D:1      | Reached skill level 1 in Armour
  1071 | D:1      | Reached XP level 3. HP: 20/20 MP: 4/6
  1082 | D:1      | Learned a level 3 spell: Stone Arrow
  2098 | D:2      | Reached XP level 4. HP: 22/25 MP: 5/7
  2810 | D:2      | Reached skill level 1 in Conjurations
  2934 | D:2      | Found a white marble altar of Elyvilon.
  2934 | D:2      | Found a basalt altar of Yredelemnul.
  2934 | D:2      | Found a sacrificial altar of Ru.
  3159 | D:3      | Noticed an orc warrior
  3184 | D:3      | Slain by an orc warrior

Illustrated notes

Levels and vault maps discovered:
D:1:      dpeg_arrival_arbitrary_a, layout_basic, chequers_serial_rivers_marsh,
          minmay_heptomino_l4
D:2:      layout_loops_ring, gammafunk_temple_overflow_claw
D:3:      layout_loops_ring, first_ration, nrook_uturn

Skill      XL: |  1  2  3  4 |
---------------+-------------+-----
Earth Magic    | 4 |  4.8
Fighting       | 1 |  1.7
Armour         | 1 |  1.5
Conjurations   | 1 |  1.1
Dodging        | |  1.5
Stealth        | |  2.1
Spellcasting   | |  2.5
Transmutations | |  0.7

Action                   |  1- 3 |  4- 6 || total
-------------------------+-------+-------++-------
Melee: Unarmed           |    16 |       ||    16
       Club              |    61 |    55 ||   116
       Quarterstaff      |       |    10 ||    10
Throw: Stone             |     1 |     7 ||     8
       Javelin           |    12 |     7 ||    19
 Cast: Sandblast         |    20 |    26 ||    46
 Stab: Sleeping          |     3 |     1 ||     4
  Eat: Chunk             |     4 |     4 ||     8
Armor: Robe              |    33 |    30 ||    63
       Troll leather arm |       |     1 ||     1
Dodge: Dodged            |    74 |    63 ||   137

Table legend:
 A = Non-vault XP
 B = Vault XP
 C = Vault XP percentage of total XP
 D = Non-vault monster count
 E = Vault monster count
 F = Vault count percentage of total count
                 A         B        C        D         E       F
            +---------+---------+-------+---------+---------+-------
      Total |     135 |       5 |   3.6 |      52 |       3 |   5.5
            +---------+---------+-------+---------+---------+-------
        D:1 |      43 |       5 |  10.4 |      25 |       3 |  10.7
        D:2 |      78 |       0 |   0.0 |      19 |       0 |   0.0
        D:3 |      14 |       0 |   0.0 |       8 |       0 |   0.0
            +---------+---------+-------+---------+---------+-------
